 Dungeon Sprint DCSS version 0.23.0-3-gf3c87f2 (webtiles) character file.

Game seed: 2964891124695998413

233095 nuthulu the Intangible (level 18, -27/200 HPs)
             Began as a Minotaur Fighter on Feb 21, 2019.
             Was the Champion of Yredelemnul.
             Killed from afar by Dispater (41 damage)
             ... with a crystal spear
             ... in the Dungeon (Sprint VII: "The Pits").
             The game lasted 00:43:06 (7010 turns).

nuthulu the Intangible (Minotaur Fighter)           Turns: 7010, Time: 00:43:07

Health: -27/200    AC: 46    Str: 34    XL:     18   Next: 84%
Magic:  40/40      EV: 27    Int:  9    God:    Yredelemnul [******]
Gold:   54         SH: 36    Dex: 13    Spells: 17/17 levels left

rFire    + + .     SeeInvis +   t - +8 mithril axe "Arga" {speed, MR+}
rCold    + + .     Gourm    .   E - +5 large shield
rNeg     . . .     Faith    .   I - +9 gold dragon scales
rPois    +         Spirit   .   N - +0 hat "Giny" {rElec MP+9}
rElec    +         Reflect  +   D - +2 cloak
rCorr    +         Harm     .   v - +0 pair of gloves
MR       ++...     NoTele   +   L - +2 pair of boots
Stlth    ..........             U - amulet of Doubts {Reflect +Fly rElec Dex-2 SH+2}
HPRegen  0.43/turn              W - ring of Patience {rF+ Int+4 Slay+5}
MPRegen  0.27/turn              a - ring "Qicut" {rCorr rC+ SInv}

@: mighty, agile, very slightly contaminated
A: retaliatory headbutt, horns 2
}: 1/3 runes: iron
a: Recall Undead Slaves, Injury Mirror, Animate Dead, Drain Life, Enslave Soul,
Renounce Religion, Evoke Flight


You were in the Dungeon.
You worshipped Yredelemnul.
Yredelemnul was exalted by your worship.
You were not hungry.

You visited 1 branch You collected 54 gold pieces.

Inventory:

Hand Weapons
 t - the +8 mithril axe "Arga" (weapon) {speed, MR+}
   (You found it in the Dungeon)

   Attacks with this weapon are significantly faster.
   It affects your resistance to hostile enchantments.
Armour
 v - a +0 pair of gloves (worn)
 D - a +2 cloak (worn)
 E - a +5 large shield (worn)
 I - +9 gold dragon scales (worn)
 L - a +2 pair of boots (worn)
 N - the +0 hat "Giny" (worn) {rElec MP+9}
   (You found it in the Dungeon)

   It insulates you from electricity.
   It affects your magic capacity (+9).
Jewellery
 a - the ring "Qicut" (right hand) {rCorr rC+ SInv}
   (You found it in the Dungeon)

   [ring of resist corrosion]

   It protects you from cold.
   It lets you see invisible.
 b - a +5 ring of slaying
 c - the ring "Gaas" {Ice *Slow rElec Dex+4}
   (You found it in the Dungeon)

   [ring of ice]

   It enhances your ice magic.
   It affects your dexterity (+4).
   It makes you vulnerable to fire.
   It protects you from cold.
   It insulates you from electricity.
   It may slow you when you take damage.
 q - the ring "Kofex" {rF+ rC+ rN+ Stlth+}
   (You found it in the Dungeon)

   [ring of protection from fire]

   It protects you from fire.
   It protects you from cold.
   It protects you from negative energy.
   It makes you more stealthy.
 r - a +3 ring of strength
 s - a +3 ring of protection
 A - the ring "Pif Ziu" {rPois MP+9}
   (You found it in the Dungeon)

   [ring of poison resistance]

   It protects you from poison.
   It affects your magic capacity (+9).
 B - a +5 ring of evasion
 C - the ring of Gesmaan {Wiz rF+ rN+}
   (You found it in the Dungeon)

   [ring of wizardry]

   It improves your spell success rate.
   It protects you from fire.
   It protects you from negative energy.
 F - the ring "Duor" {rPois rF+++ Str-3 Dex+9}
   (You found it in the Dungeon)

   [ring of poison resistance]

   It affects your strength (-3).
   It affects your dexterity (+9).
   It renders you almost immune to fire.
   It protects you from poison.
 G - the ring of Naellaire {rPois rC+ Str+6 Dex+3}
   (You found it in the Dungeon)

   [ring of strength]

   It affects your strength (+6).
   It affects your dexterity (+3).
   It protects you from cold.
   It protects you from poison.
 J - a +3 ring of slaying
 K - a +6 ring of protection
 M - an uncursed amulet of regeneration
 O - the ring "Nielo" {Int+4 Dex+6}
   (You found it in the Dungeon)

   [ring of dexterity]

   It affects your intelligence (+4).
   It affects your dexterity (+6).
 R - the ring of Bunonk {+Fly rElec MR- Str+4 Slay+5}
   (You found it in the Dungeon)

   [ring of slaying]

   It affects your strength (+4).
   It affects your accuracy and damage with ranged weapons and melee attacks
   (+5).
   It insulates you from electricity.
   It affects your resistance to hostile enchantments.
   It lets you fly.
 S - the amulet "Bourosuu" {RegenMP rC+ Str+3}
   (You found it in the Dungeon)

   [amulet of magic regeneration]

   It increases your magic regeneration.
   It affects your strength (+3).
   It protects you from cold.
 T - the amulet of Secrets {Spirit rPois Int+2}
   (You found it in the Dungeon)

   [amulet of guardian spirit]

   It causes incoming damage to be split between your health and magic.
   It affects your intelligence (+2).
   It protects you from poison.
 U - the amulet of Doubts (around neck) {Reflect +Fly rElec Dex-2 SH+2}
   (You found it in the Dungeon)

   [amulet of reflection]

   It shields you and reflects attacks.
   It affects your dexterity (-2).
   It insulates you from electricity.
   It lets you fly.
   It affects your SH (+2).
 V - the amulet "Apepn" {Gourm rF+ MR+}
   (You found it in the Dungeon)

   [amulet of the gourmand]

   It allows you to eat raw meat even when not hungry.
   It protects you from fire.
   It affects your resistance to hostile enchantments.
 W - the ring of Patience (left hand) {rF+ Int+4 Slay+5}
   (You found it in the Dungeon)

   [ring of slaying]

   It affects your intelligence (+4).
   It affects your accuracy and damage with ranged weapons and melee attacks
   (+5).
   It protects you from fire.
 X - the amulet "Ebeax" {Spirit rN+ Str-5 Dex+7 SInv}
   (You found it in the Dungeon)

   [amulet of guardian spirit]

   It causes incoming damage to be split between your health and magic.
   It affects your strength (-5).
   It affects your dexterity (+7).
   It protects you from negative energy.
   It lets you see invisible.
 Y - the ring "Xuttut" {Ice Int+4}
   (You found it in the Dungeon)

   [ring of ice]

   It enhances your ice magic.
   It affects your intelligence (+4).
   It makes you vulnerable to fire.
   It protects you from cold.
 Z - the amulet of Reolukuph {Spirit rF+}
   (You found it in the Dungeon)

   [amulet of guardian spirit]

   It causes incoming damage to be split between your health and magic.
   It protects you from fire.
Wands
 l - a wand of iceblast (19)
 H - a wand of paralysis (8)
 P - a wand of flame (23)
Scrolls
 k - a scroll of blinking
 n - 5 scrolls of remove curse
 o - 5 scrolls of amnesia
 p - a scroll of summoning
 x - 3 scrolls of fear
 y - 5 scrolls of fog
 z - 12 scrolls of identify
Potions
 d - a potion of might
 e - 10 potions of curing
 g - 10 potions of heal wounds
 h - 6 potions of haste
 i - 3 potions of magic
 j - 2 potions of berserk rage
 m - a potion of invisibility
 u - 3 potions of brilliance
 w - 4 potions of agility
 Q - 3 potions of mutation
Comestibles
 f - 8 rations


   Skills:
 O Level 27 Fighting
 O Level 27 Axes
 O Level 27 Armour
 O Level 27 Dodging
 O Level 27 Shields
 + Level 20.6 Unarmed Combat
 + Level 20.6 Invocations
 + Level 17.9 Evocations


You had 17 spell levels left.
You didn't know any spells.
Your spell library was empty.

Dungeon Overview and Level Annotations

Branches:
Dungeon (1/1)

Altars:
Ashenzari
Cheibriados
Dithmenos
Elyvilon
Fedhas
Gozag
Hepliaklqana
Kikubaaqudgha
Makhleb
Nemelex Xobeh
Okawaru
Qazlal
Ru
Sif Muna
Trog
Uskayaw
Vehumet
Wu Jian
Xom
Yredelemnul
Zin
The Shining One
Beogh
Jiyva
Lugonu

Annotations:
D Dispater


Innate Abilities, Weirdness & Mutations

You reflexively headbutt those who attack you in melee.
You have a pair of horns on your head.


Message History

Something smites you!
* * * LOW HITPOINT WARNING * * *
The lorocyproca hits your bone dragon!!
Dispater gestures.
Unknown command.
Unknown command.
You hit the balrug.
The balrug is severely wounded.
Your bone dragon bites the lorocyproca but does no damage.
Your bone dragon claws the lorocyproca.
Your bone dragon tramples the lorocyproca!
The lorocyproca stumbles backwards!
Unknown command.
Unknown command.
You block the balrug's attack.
The lorocyproca barely misses your bone dragon.
Dispater gestures at you. The crystal spear hits you!!!
You die...
Your body rises from the dead as a mindless zombie.

##.)#....#..##(...###[))f°...)i§.
)'.)........##....#...)#.1°.f.Ye.
'').........##..))#))..#...).ZCq.
##..#....#..##).().).###....Z)...
##..........'1).1))q)).).........
##........).['2.&D...............
####''####')#####################
####''####'3#####################
##.....Z##2D).&.@................
##.#'##V##...2D.2................
##.#)zZW##..##############'[#####
##VnWz#Z##..#))').)'))#.Z.(ZZ..#[
##z#)WWW##..#))#...#))#..)Z....#[
##WVVV#V##..####...#######))#####
##.##'#.##..#.........#ZZ()...Z#Z
##......##..#.......)(ZZ(..)...zn
##########..#...)....)#Z...))..#D


You could see Dispater, a hell beast, a lorocyproca (invisible), a balrug, a
soul eater and 2 friendly bone dragons.

Vanquished Creatures
  Cerebov (D)
  the Serpent of Hell (D)
  A pandemonium lord (D)
  4 ancient liches (D)
  2 Killer Klowns (D)
  Frederick (D)
  Margery (D)
  Xtahua (D)
  Nikola (D)
  A golden dragon (D)
  A bone dragon (D)
  5 pearl dragons (D)
  3 Tzitzimimeh (D)
  3 electric golems (D)
  2 Hell Sentinels (D)
  2 titans (D)
  A deep elf blademaster (D)
  2 acid blobs (D)
  Murray (D)
  An Executioner (D)
  A death cob (D)
  A shadow dragon (D)
  A storm dragon (D)
  An azure jelly (D)
  A nagaraja (D)
  2 draconian knights (D)
  A deep elf sorcerer (D)
  A ghoul (D)
  A cacodemon (D)
  A draconian scorcher (D)
  2 draconian stormcallers (D)
  A fire giant (D)
  An iron dragon (D)
  An emperor scorpion (D)
  Louise (D)
  A spriggan defender (D)
  A draconian annihilator (D)
  2 stone giants (D)
  A war gargoyle (D)
  A dire elephant (D)
  A black draconian (D)
  2 deep elf demonologists (D)
  2 green draconians (D)
  A minotaur (D)
  A purple draconian (D)
  Azrael (D)
  2 deep elf death magi (D)
  2 ettins (D)
  4 green deaths (D)
  2 fire dragons (D)
  A blizzard demon (D)
  A death ooze (D)
  A naga warrior (D)
  2 ice dragons (D)
  A great orb of eyes (D)
  2 vault guards (D)
  Erica (D)
  A death yak (D)
  A death knight (D)
  4 ogre magi (D)
  A vampire mage (D)
  6 two-headed ogres (D)
  A spriggan berserker (D)
  A deep elf knight (D)
  A shadow wraith (D)
  3 iron trolls (D)
  A hell knight (D)
  12 deep trolls (D)
  A cherub (D)
  A sea snake (D)
  A lindwurm (D)
  A wizard (D)
  2 orc knights (D)
  3 deep elf magi (D)
  2 deep elf archers (D)
  A manticore (D)
  2 cyclopes (D)
  A salamander (D)
  A rust devil (D)
  A black mamba (D)
  A komodo dragon (D)
  An ice devil (D)
  4 trolls (D)
  A red devil (D)
  A jumping spider (D)
  A blink frog (D)
  A snapping turtle (D)
  A hippogriff (D)
  7 redbacks (D)
  A tarantella (D)
  A wraith (D)
  7 yaks (D)
  2 fire elementals (D)
  A golden eye (D)
  An acid dragon (D)
  2 hell hounds (D)
  2 ice beasts (D)
  A necrophage (D)
  6 ogres (D)
  2 big kobolds (D)
  2 earth elementals (D)
  3 wights (D)
  A gnoll shaman (D)
  An orc priest (D)
  A jelly (D)
  3 orc wizards (D)
  A hell rat (D)
  4 gnolls (D)
  3 oozes (D)
  An adder skeleton (D)
  A leopard gecko (D)
  4 orcs (D)
  A giant cockroach (D)
  A goblin (D)
  A hobgoblin (D)
  6 jackals (D)
  A kobold (D)
  A ball python (D)
214 creatures vanquished.

Vanquished Creatures (collateral kills)
  Ignacio (D)
  A pandemonium lord (D)
  A Killer Klown (D)
  the Lernaean hydra (D)
  A curse toe (D)
  A golden dragon (D)
  A profane servitor (D)
  A hellephant (D)
  A Hell Sentinel (D)
  A Tzitzimitl (D)
  An Ice Fiend (D)
  A deep elf blademaster (D)
  A quicksilver dragon (D)
  An acid blob (D)
  2 deep elf master archers (D)
  A sphinx (D)
  A shadow dragon (D)
  A storm dragon (D)
  An azure jelly (D)
  2 nagarajas (D)
  A draconian monk (D)
  2 fire giants (D)
  2 orc warlords (D)
  2 ghost moths (D)
  A frost giant (D)
  A cacodemon (D)
  An emperor scorpion (D)
  A draconian shifter (D)
  2 ghouls (D)
  A draconian annihilator (D)
  2 spriggan defenders (D)
  A war gargoyle (D)
  A stone giant (D)
  An ophan (D)
  A reaper (D)
  A green draconian (D)
  A black draconian (D)
  3 deep elf demonologists (D)
  A yellow draconian (D)
  2 white draconians (D)
  A minotaur (D)
  2 eidola (D)
  3 ettins (D)
  A purple draconian (D)
  3 green deaths (D)
  A merfolk javelineer (D)
  4 blizzard demons (D)
  2 fire dragons (D)
  An ogre mage (D)
  A deep elf high priest (D)
  4 hydras (D)
  A rakshasa (D)
  An ice dragon (D)
  A catoblepas (D)
  3 vault guards (D)
  3 naga warriors (D)
  A centaur warrior (D)
  3 death knights (D)
  A dancing weapon (D)
  A vampire mage (D)
  A death yak (D)
  3 deep elf knights (D)
  An iron troll (D)
  9 hell knights (D)
  A death drake (D)
  An unseen horror (shapeshifter) (D)
  A deep troll (D)
  A wizard (D)
  A spriggan druid (D)
  A swamp dragon (D)
  2 phantasmal warriors (D)
  8 orc knights (D)
  3 necromancers (D)
  3 cyclopes (D)
  An elephant (D)
  A large abomination (D)
  A rust devil (D)
  An eye of devastation (D)
  A naga mage (D)
  A molten gargoyle (D)
  A hellion (D)
  A rime drake (D)
  A yaktaur (D)
  A kobold demonologist (D)
  2 ice devils (D)
  2 jumping spiders (D)
  A wandering mushroom (D)
  A troll (D)
  A hornet (D)
  4 merfolk (D)
  A bog body (D)
  3 blink frogs (D)
  A hippogriff (D)
  An air elemental (D)
  2 tarantellas (D)
  4 yaks (D)
  A spriggan (D)
  A wraith (D)
  A vampire (D)
  4 fire elementals (D)
  6 redbacks (D)
  2 basilisks (D)
  A neqoxec (D)
  2 hungry ghosts (D)
  A chaos spawn (D)
  A naga (D)
  A floating eye (D)
  A porcupine (D)
  An orc warrior (D)
  A black bear (shapeshifter) (D)
  2 ogres (D)
  An eye of draining (D)
  2 centaurs (D)
  2 big kobolds (D)
  A gnoll sergeant (D)
  2 earth elementals (D)
  A scorpion (D)
  A wight (D)
  An orc priest (D)
  3 gnolls (D)
  A white imp (D)
  A worm (D)
  A leopard gecko (D)
  3 orcs (D)
  A giant cockroach (D)
  A goblin (D)
  A hobgoblin (D)
  A frilled lizard (D)
  A leopard gecko simulacrum (D)
  9 blocks of ice (D)
217 creatures vanquished.

Vanquished Creatures (others)
  4 profane servitors (D)
  7 bone dragons (D)
  A storm dragon (D)
  14 ghouls (D)
  A stone giant (D)
  18 vampire knights (D)
  A spectral rakshasa (D)
  2 Killer Klown zombies (D)
  2 pearl dragon zombies (D)
  A two-headed ogre (D)
  An ogre mage (D)
  A fire dragon zombie (D)
  A titan zombie (D)
  A storm dragon zombie (D)
  19 skeletal warriors (D)
  A ghost moth zombie (D)
  23 flayed ghosts (D)
  3 deep trolls (D)
  17 phantasmal warriors (D)
  A stone giant zombie (D)
  An eye of devastation (D)
  A purple draconian zombie (D)
  An emperor scorpion zombie (D)
  A death yak zombie (D)
  A yaktaur (D)
  7 redback zombies (D)
  6 ghoul skeletons (D)
  A jumping spider zombie (D)
  2 hydra zombies (D)
  2 ettin zombies (D)
  13 flying skulls (D)
  An air elemental (D)
  17 vampires (D)
  2 spriggan zombies (D)
  4 wraiths (D)
  6 elf zombies (D)
  A merfolk zombie (D)
  6 deep troll zombies (D)
  8 human zombies (D)
  4 two-headed ogre zombies (D)
  A naga zombie (D)
  A lindwurm zombie (D)
  10 orc zombies (D)
  A blink frog zombie (D)
  A yaktaur zombie (D)
  A hippogriff zombie (D)
  2 cyclops zombies (D)
  A hell hound zombie (D)
  6 yak zombies (D)
  2 wights (D)
  A centaur zombie (D)
  A basilisk zombie (D)
  A kobold zombie (D)
  A bog body skeleton (D)
  An ogre zombie (D)
  2 big kobold zombies (D)
  4 gnoll zombies (D)
  A frilled lizard zombie (D)
  2 jackal zombies (D)
  A leopard gecko zombie (D)
  11 blocks of ice (D)
256 creatures vanquished.

Grand Total: 687 creatures vanquished

Notes
Turn   | Place    | Note
-------+----------+-------------------------------------------
     0 | D        | nuthulu the Minotaur Fighter began the quest for the Orb.
     0 | D        | Reached XP level 1. HP: 19/19 MP: 0/0
    18 | D        | Found a bloodstained altar of Trog.
    18 | D        | Found a deep blue altar of Sif Muna.
    18 | D        | Found a viscous altar of Jiyva.
    18 | D        | Found a hazy altar of Hepliaklqana.
    18 | D        | Found an opulent altar of Gozag.
    19 | D        | Found a glowing golden altar of the Shining One.
    19 | D        | Found a glowing silver altar of Zin.
    19 | D        | Found a basalt altar of Yredelemnul.
    19 | D        | Found a shimmering altar of Xom.
    19 | D        | Found an ornate altar of the Wu Jian Council.
    19 | D        | Found a sacrificial altar of Ru.
    19 | D        | Found a stormy altar of Qazlal.
    19 | D        | Found an iron altar of Okawaru.
    19 | D        | Found a sparkling altar of Nemelex Xobeh.
    19 | D        | Found a burning altar of Makhleb.
    19 | D        | Found a blossoming altar of Fedhas.
    19 | D        | Found a white marble altar of Elyvilon.
    19 | D        | Found a shadowy altar of Dithmenos.
    19 | D        | Found a snail-covered altar of Cheibriados.
    20 | D        | Found a radiant altar of Vehumet.
    20 | D        | Found a corrupted altar of Lugonu.
    20 | D        | Found a roughly hewn altar of Beogh.
    21 | D        | Found a hide-covered altar of Uskayaw.
    21 | D        | Found an ancient bone altar of Kikubaaqudgha.
    21 | D        | Found a shattered altar of Ashenzari.
    25 | D        | Became a worshipper of Yredelemnul the Dark
    68 | D        | Reached * piety under Yredelemnul
    68 | D        | Reached XP level 2. HP: 25/28 MP: 1/1
    76 | D        | Reached ** piety under Yredelemnul
   149 | D        | Reached skill level 5 in Fighting
   149 | D        | Reached skill level 5 in Armour
   149 | D        | Reached skill level 5 in Shields
   150 | D        | Reached XP level 3. HP: 32/36 MP: 2/2
   152 | D        | Noticed a big kobold
   157 | D        | Killed a big kobold
   157 | D        | Reached *** piety under Yredelemnul
   157 | D        | Reached skill level 5 in Axes
   157 | D        | Reached XP level 4. HP: 34/45 MP: 3/3
   280 | D        | Noticed a gnoll sergeant
   301 | D        | Received a gift from Yredelemnul (a flying skull)
   312 | D        | Reached XP level 5. HP: 41/52 MP: 4/4
   321 | D        | Reached **** piety under Yredelemnul
   351 | D        | Noticed an ice beast
   360 | D        | Killed an ice beast
   361 | D        | Reached ***** piety under Yredelemnul
   361 | D        | Noticed a porcupine
   365 | D        | Reached XP level 6. HP: 58/62 MP: 5/5
   367 | D        | Killed a porcupine
   376 | D        | Received a gift from Yredelemnul (a wight)
   450 | D        | Noticed Erica
   456 | D        | Killed Erica
   456 | D        | Reached skill level 10 in Axes
   456 | D        | Reached XP level 7. HP: 74/74 MP: 6/6
   456 | D        | Reached XP level 8. HP: 82/82 MP: 7/7
   456 | D        | Received a gift from Yredelemnul (4 flying skulls)
   488 | D        | Received a gift from Yredelemnul (a wight)
   497 | D        | Noticed a bog body
   524 | D        | Received a gift from Yredelemnul (a vampire)
   526 | D        | Received a gift from Yredelemnul (4 flying skulls)
   528 | D        | Killed a bog body
   529 | D        | Received a gift from Yredelemnul (4 flying skulls)
   685 | D        | Found the +8 mithril axe "Arga" {speed, MR+}
   785 | D        | Noticed an elephant
   788 | D        | Reached ****** piety under Yredelemnul
   798 | D        | Killed an elephant
   798 | D        | Reached XP level 9. HP: 77/92 MP: 7/9
   801 | D        | Killed a shadow wraith
   801 | D        | Received a gift from Yredelemnul (a wraith)
   845 | D        | Noticed a death yak
   845 | D        | Noticed a molten gargoyle
   852 | D        | Killed a death yak
   853 | D        | Received a gift from Yredelemnul (a skeletal warrior)
   857 | D        | Killed a molten gargoyle
   947 | D        | Noticed an ice devil
   952 | D        | Received a gift from Yredelemnul (a wraith)
   952 | D        | Received a gift from Yredelemnul (a wraith)
   953 | D        | Noticed a red devil
   963 | D        | Killed an ice devil
   963 | D        | Reached skill level 5 in Invocations
   965 | D        | Killed a red devil
   966 | D        | Reached XP level 10. HP: 69/101 MP: 11/13
  1041 | D        | Noticed a lindwurm
  1045 | D        | Received a gift from Yredelemnul (a phantasmal warrior)
  1045 | D        | Received a gift from Yredelemnul (a wraith)
  1054 | D        | Killed a lindwurm
  1054 | D        | Received a gift from Yredelemnul (a flayed ghost)
  1093 | D        | Noticed a phantasmal warrior
  1097 | D        | Received a gift from Yredelemnul (a skeletal warrior)
  1097 | D        | Received a gift from Yredelemnul (a vampire)
  1097 | D        | Received a gift from Yredelemnul (a vampire knight)
  1101 | D        | Killed a phantasmal warrior
  1111 | D        | Noticed a sea snake
  1118 | D        | Received a gift from Yredelemnul (a phantasmal warrior)
  1121 | D        | Received a gift from Yredelemnul (a phantasmal warrior)
  1121 | D        | Received a gift from Yredelemnul (a vampire knight)
  1123 | D        | Killed a sea snake
  1186 | D        | Noticed a swamp dragon
  1187 | D        | Noticed an ice dragon
  1191 | D        | Received a gift from Yredelemnul (a vampire knight)
  1191 | D        | Received a gift from Yredelemnul (a ghoul)
  1197 | D        | Received a gift from Yredelemnul (a ghoul)
  1198 | D        | Received a gift from Yredelemnul (a vampire knight)
  1200 | D        | Killed an ice dragon
  1202 | D        | Killed a swamp dragon
  1202 | D        | Reached skill level 15 in Fighting
  1202 | D        | Reached skill level 15 in Armour
  1202 | D        | Reached skill level 15 in Shields
  1386 | D        | Reached XP level 11. HP: 83/112 MP: 16/16
  1394 | D        | Received a gift from Yredelemnul (a profane servitor)
  1398 | D        | Reached skill level 15 in Axes
  1399 | D        | Received a gift from Yredelemnul (a bone dragon)
  1400 | D        | Received a gift from Yredelemnul (a vampire knight)
  1553 | D        | Noticed a phantasmal warrior
  1558 | D        | Received a gift from Yredelemnul (a profane servitor)
  1559 | D        | Killed a phantasmal warrior
  1566 | D        | Noticed a catoblepas
  1569 | D        | Received a gift from Yredelemnul (a skeletal warrior)
  1575 | D        | Killed a catoblepas
  1600 | D        | Received a gift from Yredelemnul (a ghoul)
  1617 | D        | Noticed a seven-headed hydra
  1626 | D        | Killed a seven-headed hydra
  1627 | D        | Received a gift from Yredelemnul (a flayed ghost)
  1644 | D        | Noticed a vampire mage
  1644 | D        | Noticed an orc knight
  1644 | D        | Noticed an orc knight
  1644 | D        | Noticed an orc knight
  1644 | D        | Noticed an orc knight
  1644 | D        | Noticed an orc knight
  1644 | D        | Noticed an orc knight
  1644 | D        | Noticed an orc warlord
  1645 | D        | Received a gift from Yredelemnul (a vampire)
  1646 | D        | Noticed an orc knight
  1646 | D        | Noticed an orc warlord
  1647 | D        | Noticed an orc knight
  1649 | D        | Noticed a jiangshi
  1650 | D        | Killed a vampire mage
  1650 | D        | Received a gift from Yredelemnul (a flayed ghost)
  1655 | D        | Killed an orc knight
  1658 | D        | Killed an orc knight
  1658 | D        | Received a gift from Yredelemnul (a skeletal warrior)
  1660 | D        | Killed an orc warlord
  1662 | D        | Killed an orc warlord
  1666 | D        | Killed an orc knight
  1667 | D        | Killed an orc knight
  1668 | D        | Killed an orc knight
  1669 | D        | Received a gift from Yredelemnul (a flayed ghost)
  1669 | D        | Received a gift from Yredelemnul (a vampire)
  1669 | D        | Killed an orc knight
  1672 | D        | Killed an orc knight
  1672 | D        | Killed an orc knight
  1678 | D        | Noticed a vault guard
  1681 | D        | Noticed a deep elf knight
  1694 | D        | Killed a vault guard
  1705 | D        | Killed a deep elf knight
  1705 | D        | Reached XP level 12. HP: 24/125 MP: 17/17
  1706 | D        | Received a gift from Yredelemnul (a phantasmal warrior)
  1709 | D        | Reached skill level 1 in Dodging
  1710 | D        | Received a gift from Yredelemnul (a vampire knight)
  1710 | D        | Noticed a spriggan defender
  1713 | D        | Killed a naga warrior
  1716 | D        | Received a gift from Yredelemnul (a phantasmal warrior)
  1716 | D        | Received a gift from Yredelemnul (a vampire)
  1716 | D        | Killed a spriggan defender
  1717 | D        | Killed a naga warrior
  1717 | D        | Reached skill level 5 in Dodging
  1718 | D        | Noticed a naga warrior
  1724 | D        | Killed a naga warrior
  1753 | D        | Killed an eight-headed hydra
  1758 | D        | Killed a vault guard
  1777 | D        | Received a gift from Yredelemnul (a flayed ghost)
  1782 | D        | Noticed a vault guard
  1792 | D        | Killed a vault guard
  1957 | D        | Noticed an eight-headed hydra
  1963 | D        | Killed a nine-headed hydra
  2039 | D        | Noticed a deep elf demonologist
  2039 | D        | Noticed a minotaur
  2039 | D        | Noticed a quicksilver dragon
  2039 | D        | Noticed a green death
  2039 | D        | Noticed a seven-headed hydra
  2039 | D        | Noticed a great orb of eyes
  2041 | D        | Received a gift from Yredelemnul (a ghoul)
  2041 | D        | Received a gift from Yredelemnul (a flayed ghost)
  2046 | D        | Killed a seven-headed hydra
  2047 | D        | Killed a green death
  2048 | D        | Noticed an Ice Fiend
  2048 | D        | Killed a great orb of eyes
  2051 | D        | Received a gift from Yredelemnul (a flayed ghost)
  2051 | D        | Killed a quicksilver dragon
  2051 | D        | Reached skill level 10 in Dodging
  2054 | D        | Noticed a Brimstone Fiend
  2055 | D        | Killed a deep elf demonologist
  2058 | D        | Killed a minotaur
  2120 | D        | Noticed a death cob
  2120 | D        | Noticed a vault guard
  2123 | D        | Killed a death cob
  2124 | D        | Received a gift from Yredelemnul (a vampire)
  2125 | D        | Noticed a storm dragon
  2130 | D        | Noticed an eidolon
  2131 | D        | Killed a vault guard
  2131 | D        | Received a gift from Yredelemnul (a phantasmal warrior)
  2131 | D        | Received a gift from Yredelemnul (a vampire knight)
  2132 | D        | Noticed Azrael
  2136 | D        | Reached XP level 13. HP: 133/136 MP: 18/18
  2144 | D        | Killed a storm dragon
  2150 | D        | Killed Azrael
  2154 | D        | Received a gift from Yredelemnul (a vampire)
  2154 | D        | Received a gift from Yredelemnul (a skeletal warrior)
  2159 | D        | Received a gift from Yredelemnul (a ghoul)
  2161 | D        | Received a gift from Yredelemnul (a skeletal warrior)
  2165 | D        | Received a gift from Yredelemnul (a flayed ghost)
  2167 | D        | Killed an eidolon
  2170 | D        | Received a gift from Yredelemnul (a flayed ghost)
  2176 | D        | Received a gift from Yredelemnul (a phantasmal warrior)
  2182 | D        | Received a gift from Yredelemnul (a phantasmal warrior)
  2302 | D        | Noticed a minotaur
  2305 | D        | Noticed a fire dragon
  2313 | D        | Received a gift from Yredelemnul (a flayed ghost)
  2321 | D        | Killed a minotaur
  2324 | D        | Received a gift from Yredelemnul (a phantasmal warrior)
  2338 | D        | Killed a fire dragon
  2340 | D        | Received a gift from Yredelemnul (a vampire knight)
  2355 | D        | Received a gift from Yredelemnul (a skeletal warrior)
  2445 | D        | Noticed an eidolon
  2446 | D        | Noticed an emperor scorpion
  2450 | D        | Killed an eidolon
  2454 | D        | Received a gift from Yredelemnul (a vampire knight)
  2457 | D        | Killed an emperor scorpion
  2672 | D        | Noticed a shadow dragon
  2672 | D        | Noticed an emperor scorpion
  2674 | D        | Noticed a blizzard demon
  2675 | D        | Noticed Mara
  2682 | D        | Received a gift from Yredelemnul (a skeletal warrior)
  2689 | D        | Killed a shadow dragon
  2689 | D        | Reached skill level 15 in Dodging
  2690 | D        | Killed a blizzard demon
  2692 | D        | Received a gift from Yredelemnul (a flayed ghost)
  2697 | D        | Noticed nuthulu's illusion
  2700 | D        | Killed an emperor scorpion
  2704 | D        | Received a gift from Yredelemnul (a vampire knight)
  2710 | D        | Killed Mara
  2710 | D        | Enslaved Mara
  2717 | D        | Noticed a Hell Sentinel
  2719 | D        | Your ally Mara died
  2719 | D        | Noticed a profane servitor
  2721 | D        | Noticed a spriggan defender
  2732 | D        | Killed a ghost moth
  2733 | D        | Killed a profane servitor
  2734 | D        | Noticed a lorocyproca
  2736 | D        | Noticed a frost giant
  2737 | D        | Received a gift from Yredelemnul (a vampire)
  2737 | D        | Received a gift from Yredelemnul (a vampire)
  2738 | D        | Killed a Hell Sentinel
  2742 | D        | Noticed a fire dragon
  2742 | D        | Noticed a deep elf demonologist
  2742 | D        | Noticed a fire dragon
  2743 | D        | Noticed a merfolk javelineer
  2746 | D        | Killed a spriggan defender
  2748 | D        | Killed a frost giant
  2752 | D        | Noticed a reaper
  2753 | D        | Received a gift from Yredelemnul (a bone dragon)
  2754 | D        | Killed a deep elf demonologist
  2754 | D        | Reached XP level 14. HP: 99/149 MP: 19/19
  2754 | D        | Received a gift from Yredelemnul (a flayed ghost)
  2756 | D        | Received a gift from Yredelemnul (a vampire knight)
  2762 | D        | Received a gift from Yredelemnul (a profane servitor)
  2779 | D        | Received a gift from Yredelemnul (a vampire knight)
  2786 | D        | Received a gift from Yredelemnul (a bone dragon)
  2792 | D        | Received a gift from Yredelemnul (a ghoul)
  2798 | D        | Received a gift from Yredelemnul (a ghoul)
  2901 | D        | Got the +0 hat "Giny" {rElec MP+9}
  3058 | D        | Noticed a green draconian knight
  3058 | D        | Noticed a red draconian annihilator
  3062 | D        | Noticed a nagaraja
  3062 | D        | Noticed a sphinx
  3070 | D        | Noticed a green draconian stormcaller
  3075 | D        | Killed a sphinx
  3076 | D        | Received a gift from Yredelemnul (a ghoul)
  3078 | D        | Killed a green draconian knight
  3084 | D        | Received a gift from Yredelemnul (a flayed ghost)
  3096 | D        | Killed a green draconian stormcaller
  3096 | D        | Received a gift from Yredelemnul (a bone dragon)
  3097 | D        | Killed a red draconian annihilator
  3102 | D        | Noticed an Ice Fiend
  3106 | D        | Killed a nagaraja
  3107 | D        | Received a gift from Yredelemnul (a skeletal warrior)
  3122 | D        | Noticed a golden dragon
  3123 | D        | Noticed a war gargoyle
  3132 | D        | Noticed a Brimstone Fiend
  3133 | D        | Noticed a Tzitzimitl
  3134 | D        | Noticed a cacodemon
  3134 | D        | Received a gift from Yredelemnul (a vampire knight)
  3134 | D        | Received a gift from Yredelemnul (a ghoul)
  3136 | D        | Killed a war gargoyle
  3138 | D        | Killed a golden dragon
  3139 | D        | Noticed a cacodemon
  3147 | D        | Killed a cacodemon
  3267 | D        | Got the ring of Bunonk {+Fly rElec MR- Str+4 Slay+5}
  3269 | D        | Got the amulet "Bourosuu" {RegenMP rC+ Str+3}
  3271 | D        | Got the amulet of Secrets {Spirit rPois Int+2}
  3273 | D        | Got the amulet of Doubts {Reflect +Fly rElec Dex-2 SH+2}
  3278 | D        | Got the amulet "Apepn" {Gourm rF+ MR+}
  3280 | D        | Got the ring of Patience {rF+ Int+4 Slay+5}
  3282 | D        | Got the amulet "Ebeax" {Spirit rN+ Str-5 Dex+7 SInv}
  3284 | D        | Got the ring "Xuttut" {Ice Int+4}
  3287 | D        | Got the amulet of Reolukuph {Spirit rF+}
  3307 | D        | Got the ring "Qicut" {rCorr rC+ SInv}
  3323 | D        | Got the ring "Gaas" {Ice *Slow rElec Dex+4}
  3325 | D        | Got the ring "Kofex" {rF+ rC+ rN+ Stlth+}
  3346 | D        | Got the ring "Pif Ziu" {rPois MP+9}
  3348 | D        | Got the ring of Gesmaan {Wiz rF+ rN+}
  3350 | D        | Got the ring "Duor" {rPois rF+++ Str-3 Dex+9}
  3353 | D        | Got the ring of Naellaire {rPois rC+ Str+6 Dex+3}
  3355 | D        | Got the ring "Nielo" {Int+4 Dex+6}
  3512 | D        | Noticed a stone giant
  3512 | D        | Noticed a stone giant
  3514 | D        | Received a gift from Yredelemnul (a phantasmal warrior)
  3519 | D        | Noticed a titan
  3523 | D        | Received a gift from Yredelemnul (a skeletal warrior)
  3523 | D        | Identified the ring "Behelaur" {MR+ MP+9 Int+4 SInv}
  3523 | D        | Noticed a stone giant
  3523 | D        | Noticed a stone giant
  3524 | D        | Found the +4 skin of Zhor {Hibernate rC+++ SInv}
  3539 | D        | Killed a titan
  3539 | D        | Received a gift from Yredelemnul (a ghoul)
  3545 | D        | Received a gift from Yredelemnul (a ghoul)
  3549 | D        | Reached XP level 15. HP: 158/162 MP: 20/20
  3551 | D        | Received a gift from Yredelemnul (a flayed ghost)
  3557 | D        | Received a gift from Yredelemnul (a flayed ghost)
  3561 | D        | Received a gift from Yredelemnul (a vampire)
  3561 | D        | Received a gift from Yredelemnul (a phantasmal warrior)
  3563 | D        | Received a gift from Yredelemnul (a vampire)
  3567 | D        | Received a gift from Yredelemnul (a ghoul)
  3567 | D        | Received a gift from Yredelemnul (a skeletal warrior)
  3567 | D        | Received a gift from Yredelemnul (a phantasmal warrior)
  3572 | D        | Received a gift from Yredelemnul (a phantasmal warrior)
  3575 | D        | Received a gift from Yredelemnul (a phantasmal warrior)
  3731 | D        | Noticed a Hell Sentinel
  3751 | D        | Killed a Hell Sentinel
  3760 | D        | Received a gift from Yredelemnul (a vampire)
  3763 | D        | Noticed a storm dragon
  3768 | D        | Killed a storm dragon
  3775 | D        | Noticed an electric golem
  3788 | D        | Killed an electric golem
  3791 | D        | Noticed Louise
  3799 | D        | Killed Louise
  3803 | D        | Noticed a nagaraja
  3808 | D        | Received a gift from Yredelemnul (a vampire)
  3820 | D        | Killed a nagaraja
  3823 | D        | Received a gift from Yredelemnul (a flayed ghost)
  3913 | D        | Noticed an ancient lich
  3922 | D        | Killed an ancient lich
  3928 | D        | Noticed an electric golem
  3935 | D        | Killed an electric golem
  3935 | D        | Received a gift from Yredelemnul (a vampire)
  3938 | D        | Noticed Xtahua
  3944 | D        | Killed Xtahua
  3944 | D        | Reached XP level 16. HP: 134/177 MP: 21/21
  3953 | D        | Noticed Margery
  3958 | D        | Killed Margery
  3988 | D        | Received a gift from Yredelemnul (a flayed ghost)
  3992 | D        | Noticed Ignacio
  4006 | D        | Killed Ignacio
  4238 | D        | Noticed a Hell Sentinel
  4243 | D        | Killed a Hell Sentinel
  4335 | D        | Received a gift from Yredelemnul (a vampire)
  4338 | D        | Noticed an ancient lich
  4345 | D        | Killed an ancient lich
  4356 | D        | Noticed a pearl dragon
  4368 | D        | Killed a pearl dragon
  4368 | D        | Received a gift from Yredelemnul (a vampire knight)
  4379 | D        | Reached skill level 27 in Dodging
  4443 | D        | Noticed a titan
  4448 | D        | Killed a titan
  4455 | D        | Noticed a Tzitzimitl
  4464 | D        | Killed a Tzitzimitl
  4671 | D        | Noticed Huti Vacs the pandemonium lord
  4685 | D        | Killed Huti Vacs the pandemonium lord
  4697 | D        | Noticed an acid blob
  4702 | D        | Killed an acid blob
  4705 | D        | Noticed the Serpent of Hell
  4712 | D        | Noticed a quicksilver dragon
  4714 | D        | Noticed a golden dragon
  4729 | D        | Killed the Serpent of Hell
  4729 | D        | Reached skill level 27 in Fighting
  4729 | D        | Reached skill level 27 in Axes
  4729 | D        | Reached XP level 17. HP: 127/191 MP: 22/22
  4729 | D        | Received a gift from Yredelemnul (a ghoul)
  4732 | D        | Noticed an acid blob
  4732 | D        | Noticed an electric golem
  4741 | D        | Killed an electric golem
  4746 | D        | Killed an acid blob
  4776 | D        | Noticed a Tzitzimitl
  4776 | D        | Identified the +6 sword of Cerebov {flame}
  4776 | D        | Noticed Cerebov
  4796 | D        | Noticed a hellephant
  4797 | D        | Killed a Tzitzimitl
  4823 | D        | Killed Cerebov
  4823 | D        | Reached skill level 27 in Armour
  4837 | D        | Killed a hellephant
  4879 | D        | Noticed Dionla Qife the pandemonium lord
  4886 | D        | HP: 7/191 [Dionla Qife the pandemonium lord/great icy blast
                  | (61)]
  4887 | D        | HP: 2/191 [Dionla Qife the pandemonium lord] (5)]
  4918 | D        | Your ally Xtahua died
  4968 | D        | Killed Dionla Qife the pandemonium lord
  4968 | D        | Reached skill level 10 in Invocations
  4982 | D        | Noticed a Killer Klown
  4993 | D        | Reached skill level 5 in Unarmed Combat
  4993 | D        | Received a gift from Yredelemnul (a flayed ghost)
  4997 | D        | Killed a Killer Klown
  4997 | D        | Reached skill level 5 in Evocations
  5002 | D        | Noticed an ancient lich
  5014 | D        | Killed an ancient lich
  5014 | D        | Reached skill level 27 in Shields
  5016 | D        | Noticed a pearl dragon
  5017 | D        | Noticed Murray
  5025 | D        | Killed a pearl dragon
  5025 | D        | Received a gift from Yredelemnul (a vampire)
  5025 | D        | Received a gift from Yredelemnul (a bone dragon)
  5033 | D        | Noticed a pearl dragon
  5043 | D        | Reached skill level 10 in Unarmed Combat
  5053 | D        | Killed Murray
  5062 | D        | Killed a pearl dragon
  5062 | D        | Received a gift from Yredelemnul (a vampire knight)
  5062 | D        | Received a gift from Yredelemnul (a phantasmal warrior)
  5441 | D        | Noticed a pearl dragon
  5449 | D        | Killed a pearl dragon
  5449 | D        | Reached skill level 10 in Evocations
  5454 | D        | Noticed a Killer Klown
  5454 | D        | Noticed a Tzitzimitl
  5454 | D        | Noticed the 27-headed Lernaean hydra
  5464 | D        | Killed the 26-headed Lernaean hydra
  5467 | D        | Noticed a golden dragon
  5467 | D        | Killed a Killer Klown
  5468 | D        | Received a gift from Yredelemnul (a flayed ghost)
  5472 | D        | Noticed a pearl dragon
  5475 | D        | Noticed an Ice Fiend
  5476 | D        | Noticed a Tzitzimitl
  5478 | D        | Killed a golden dragon
  5480 | D        | Killed a Tzitzimitl
  5481 | D        | Noticed an ancient lich
  5494 | D        | Killed an Ice Fiend
  5494 | D        | Reached XP level 18. HP: 42/200 MP: 28/28
  5495 | D        | Received a gift from Yredelemnul (a bone dragon)
  5502 | D        | Received a gift from Yredelemnul (a skeletal warrior)
  5530 | D        | Reached skill level 15 in Invocations
  5560 | D        | Killed an ancient lich
  5560 | D        | Received a gift from Yredelemnul (a flayed ghost)
  5579 | D        | Killed a Tzitzimitl
  5600 | D        | Killed a pearl dragon
  5600 | D        | Received a gift from Yredelemnul (a bone dragon)
  5600 | D        | Received a gift from Yredelemnul (a skeletal warrior)
  5600 | D        | Received a gift from Yredelemnul (a skeletal warrior)
  5600 | D        | Received a gift from Yredelemnul (a phantasmal warrior)
  5600 | D        | Received a gift from Yredelemnul (a skeletal warrior)
  5880 | D        | Got an iron rune of Zot
  6019 | D        | Noticed Frederick
  6028 | D        | Killed Frederick
  6028 | D        | Reached skill level 15 in Unarmed Combat
  6053 | D        | Received a gift from Yredelemnul (a vampire)
  6408 | D        | Noticed a Killer Klown
  6430 | D        | Received a gift from Yredelemnul (a flayed ghost)
  6436 | D        | Killed a Killer Klown
  6441 | D        | Reached skill level 15 in Evocations
  6446 | D        | Received a gift from Yredelemnul (a vampire knight)
  6468 | D        | Noticed a curse toe
  6469 | D        | Received a gift from Yredelemnul (a vampire knight)
  6469 | D        | Received a gift from Yredelemnul (a skeletal warrior)
  6478 | D        | Received a gift from Yredelemnul (a flayed ghost)
  6478 | D        | Received a gift from Yredelemnul (a flayed ghost)
  6484 | D        | Received a gift from Yredelemnul (a phantasmal warrior)
  6493 | D        | Received a gift from Yredelemnul (a skeletal warrior)
  6507 | D        | Noticed a hellephant
  6510 | D        | Received a gift from Yredelemnul (a profane servitor)
  6515 | D        | Received a gift from Yredelemnul (a skeletal warrior)
  6580 | D        | Killed a curse toe
  6933 | D        | Received a gift from Yredelemnul (a ghoul)
  6938 | D        | Noticed a bone dragon
  6946 | D        | Killed a bone dragon
  6947 | D        | Identified the +4 staff of Dispater
  6947 | D        | Noticed Dispater
  6947 | D        | Noticed an orb of fire
  6957 | D        | Noticed Nikola
  6958 | D        | Noticed a Hell Sentinel
  6960 | D        | Noticed a Tzitzimitl
  6966 | D        | Received a gift from Yredelemnul (a vampire knight)
  6979 | D        | Noticed a curse toe
  6983 | D        | Killed Nikola
  6983 | D        | Received a gift from Yredelemnul (a bone dragon)
  6988 | D        | Received a gift from Yredelemnul (a bone dragon)
  6988 | D        | Received a gift from Yredelemnul (a skeletal warrior)
  7001 | D        | HP: 5/200 [balrug/divine providence[Dispater] (15)]
  7010 | D        | Killed from afar by Dispater

Skill      XL: |  1  2  3  4  5  6  7  8  9 10 11 12 13 14 15 16 17 18 |
---------------+-------------------------------------------------------+-----
Fighting       | 4 5 6 7 8 11 12 13 15 17 18 20 22 24 27 | 27.0
Armour         | 4 5 6 7 8 11 12 13 15 17 21 27 | 27.0
Shields        | 4 5 6 8 11 12 13 15 17 21 25 26 27 | 27.0
Axes           | 3 4 5 6 7 10 12 13 14 18 22 27 | 27.0
Invocations    | 2 5 8 9 14 20 | 20.6
Dodging        | 11 16 20 24 27 | 27.0
Unarmed Combat | 13 20 | 20.6
Evocations     | 11 17 | 17.9

Action                   |  1- 3 |  4- 6 |  7- 9 | 10-12 | 13-15 | 16-18 || total
-------------------------+-------+-------+-------+-------+-------+-------++-------
Melee: War axe           |    22 |    30 |    24 |       |       |       ||    76
       Headbutt          |     3 |     8 |     9 |    27 |    79 |   109 ||   235
       Broad axe         |       |       |    26 |   100 |   293 |   336 ||   755
Invok: Animate Dead      |       |     3 |     4 |    12 |     8 |    13 ||    40
       Enslave Soul      |       |       |       |       |     3 |     1 ||     4
       Recall Undead Sla |       |       |       |       |       |     1 ||     1
  Use: Potion            |       |       |       |     1 |     6 |    30 ||    37
       Scroll            |       |       |       |       |     1 |     1 ||     2
 Stab: Distracted        |       |       |     1 |     4 |     1 |     4 ||    10
       Paralysed         |       |       |       |     2 |       |       ||     2
       Invisible         |       |       |       |       |    10 |       ||    10
  Eat: Ration            |       |       |     1 |     3 |     3 |     4 ||    11
Armor: Scale mail        |    18 |       |       |       |       |       ||    18
       Plate armour      |       |    14 |    29 |    34 |    21 |       ||    98
       Gold dragon scale |       |       |       |       |    64 |   120 ||   184
Dodge: Dodged            |     6 |     4 |    11 |    20 |    47 |    89 ||   177
Block: Shield            |    12 |    20 |    39 |    29 |       |       ||   100
       Large shield      |       |       |       |    24 |   244 |   258 ||   526
       Reflection        |       |       |       |       |     5 |    12 ||    17
